 Dungeon Crawl Stone Soup version 0.18.1-50-g88ac8fd (webtiles) character file.

11 Amnesiac the Charlatan (level 2, 0/16 HPs)
             Began as a Deep Elf Artificer on Feb 27, 2018.
             Slain by a jackal (1 damage)
             ... on level 1 of the Dungeon.
             The game lasted 00:00:49 (229 turns).

Amnesiac the Charlatan (Deep Elf Artificer)          Turns: 229, Time: 00:00:50

Health: 0/16       AC:  3    Str:  8    XL:     2   Next: 13%
Magic:  0/7        EV: 12    Int: 16    God:
Gold:   14         SH:  0    Dex: 15    Spells: 0 memorised, 1 level left

rFire  . . .     SeeInvis .     a - +0 short sword
rCold  . . .     Gourm    .     b - +0 leather armour
rNeg   . . .     Faith    .     (no shield)
rPois  .         Spirit   +     (no helmet)
rElec  .         Dismiss  .     (no cloak)
rCorr  .         Reflect  .     (no gloves)
SustAt .         Harm     .     (no boots)
MR     .....                    h - amulet of guardian spirit
Stlth  ++........               (no ring)
                                (no ring)

@: not resistant to hostile enchantments, unstealthy
A: no striking features
a: no special abilities


You were on level 1 of the Dungeon.
You were not hungry.

You visited 1 branch of the dungeon, and saw 1 of its levels.

You collected 14 gold pieces.

Inventory:

Hand Weapons
 a - a +0 short sword (weapon)
Armour
 b - a +0 leather armour (worn)
Jewellery
 h - an amulet of guardian spirit (around neck)
Wands
 c - a wand of flame (10/48)
 d - a wand of enslavement (15/24)
 e - a wand of random effects (15/48)
Potions
 i - a potion of cancellation {!q, unknown}
Comestibles
 f - a bread ration
 g - 2 slices of pizza


   Skills:
 - Level 0.7 Fighting
 - Level 1.0 Short Blades
 - Level 2.4 Dodging
 - Level 1.2 Stealth
 + Level 4.0 Evocations


You had one spell level left.
You didn't know any spells.

Dungeon Overview and Level Annotations

Branches:
Dungeon (1/15)

Altars:


Message History

You closely miss the jackal.
The jackal is lightly wounded.
The jackal bites you. The jackal misses you.
You hit the jackal.
You kill the jackal!
You have reached level 2!
You barely miss the goblin. The goblin barely misses you.
You hit the goblin.
The goblin is severely wounded.
The goblin hits you but does no damage.
You barely miss the goblin.
The goblin is severely wounded.
The goblin barely misses you.
You hit the goblin.
You kill the goblin!
Your Evocations skill increases to level 4!
The jackal bites you.
* * * LOW HITPOINT WARNING * * *
You closely miss the jackal. The jackal bites you.
* * * LOW HITPOINT WARNING * * *
You barely miss the jackal. The jackal closely misses you.
The ball python closely misses you. The ball python grabs you.
The ball python constricts you.
The jackal bites you but does no damage.
You closely miss the ball python.
The ball python bites you but does no damage.
The ball python constricts you.
The jackal bites you but does no damage.
You barely miss the ball python. The jackal closely misses you.
The ball python bites you.
* * * LOW HITPOINT WARNING * * *
x2 The ball python constricts you.
The jackal closely misses you.
You hit the ball python.
The ball python is moderately wounded.
The ball python completely misses you. The ball python constricts you.
The jackal bites you.
* * * LOW HITPOINT WARNING * * *
The ball python closely misses you.
* * * LOW HITPOINT WARNING * * *
The ball python constricts you.
Evoke which item? (* to show all) (? for menu, Esc to quit)
Zapping:
c - a wand of flame (13/48)
Press: ? - help, Shift-Dir - straight line, f - ball python
Aim: a ball python (moderately wounded, constricting you)
The puff of flame misses the ball python.
This wand has 12 charges left.
The jackal closely misses you. The ball python barely misses you.
* * * LOW HITPOINT WARNING * * *
The ball python constricts you. The jackal barely misses you.
Evoke which item? (* to show all) (? for menu, Esc to quit)
Zapping:
c - a wand of flame (12/48)
Press: ? - help, Shift-Dir - straight line, f/p - ball python
Aim: a ball python (moderately wounded, constricting you)
The puff of flame hits the ball python.
You kill the ball python!
This wand has 11 charges left.
The jackal closely misses you.
Evoke which item? (* to show all) (? for menu, Esc to quit)
Zapping:
c - a wand of flame (11/48)
Press: ? - help, Shift-Dir - straight line, f - jackal
Aim: a jackal The puff of flame hits the jackal.
The jackal is almost dead.
This wand has 10 charges left.
The jackal bites you.
You die...

................#
≈#P.....P#≈#P...#
≈##P...P##≈##P..#
≈≈≈..<..≈≈≈≈≈...#
≈##P...P##≈##P..#
≈#P.....P#≈#P...##
.................#
............####†#
##########.## #@#
#h.# #h#
######.###..###
........>......#
#######.(....>.#
#........#
#........#
#........#
#........#


You could see a jackal.

Vanquished Creatures
  A dart slug (D:1)
  A ball python (D:1)
  A goblin (D:1)
  A hobgoblin (D:1)
  3 jackals (D:1)
7 creatures vanquished.

Notes
Turn   | Place    | Note
--------------------------------------------------------------
     0 | D:1      | Amnesiac the Deep Elf Artificer began the quest for the Orb.
     0 | D:1      | Reached XP level 1. HP: 11/11 MP: 5/5
   217 | D:1      | Reached XP level 2. HP: 9/16 MP: 1/6
   221 | D:1      | Reached skill level 4 in Evocations
   229 | D:1      | Slain by a jackal

Skill      XL: |  1  2 |
---------------+-------+-----
Evocations     | 4 |  4.0
Fighting       | |  0.7
Short Blades   | |  1.0
Dodging        | |  2.4
Stealth        | |  1.2

Action                   || total
-------------------------++-------
Melee: Short sword       ||    28
Evoke: Wand              ||     5
Armor: Leather armour    ||    11
Dodge: Dodged            ||    32
